 Dungeon Crawl Stone Soup version 0.29.0-11-gd7f09526c8 (webtiles) character file.

Game seed: 5497150015422351330

119 RKaid the Shooter (level 4, -1/27 HPs)
             Began as a Deep Elf Hunter on Sept 3, 2022.
             Slain by Ijyb
             ... wielding a +0 dagger
              (2 damage)
             ... on level 3 of the Dungeon.
             The game lasted 00:03:22 (2265 turns).

RKaid the Shooter (Deep Elf Hunter)                 Turns: 2265, Time: 00:03:22

Health: -1/27      AC:  3    Str:  8    XL:     4   Next: 73%
Magic:  6/6        EV: 13    Int: 14    God:
Gold:   69         SH:  0    Dex: 20    Spells: 3/3 levels left

rFire   . . .      SeeInvis .   a - +0 shortbow
rCold   . . .      Faith    .   (shield currently unavailable)
rNeg    . . .      Spirit   .   c - +0 leather armour
rPois   .          Reflect  .   (no helmet)
rElec   .          Harm     .   (no cloak)
rCorr   .          Rampage  .   (no gloves)
Will    .....                   (no boots)
Stlth   ++........              (no amulet)
HPRegen 0.09/turn               (no ring)
MPRegen 0.10/turn               (no ring)

@: hasted, very quick
A: no striking features
a: no special abilities


You were on level 3 of the Dungeon.
You visited 1 branch of the dungeon, and saw 3 of its levels.

You collected 69 gold pieces.

Inventory:

Hand Weapons
 a - a +0 shortbow (weapon)
 i - a +1 dagger of venom
   (You took it off a kobold on level 1 of the Dungeon)
Missiles
 p - 5 curare-tipped darts
Armour
 c - a +0 leather armour (worn)
Jewellery
 e - a ring of wizardry {Wiz+}
   (You found it on level 1 of the Dungeon)
Wands
 k - a wand of flame (24)
   (You found it on level 2 of the Dungeon)
Scrolls
 b - a scroll of immolation {!r}
 d - a scroll of silence {unknown}
 f - a scroll of poison {unknown}
 m - a scroll of butterflies {unknown}
 n - a scroll of identify {unknown}
 o - 2 scrolls of teleportation {unknown}
 s - 2 scrolls of vulnerability {unknown}
 t - a scroll of blinking {unknown}
Potions
 g - a potion of cancellation {unknown}
 h - a potion of haste
 j - a potion of resistance {unknown}
 l - a potion of curing {unknown}
 q - a potion of brilliance {unknown}
 r - 2 potions of attraction {unknown}
 u - a potion of might {unknown}


   Skills:
 + Level 2.4 Fighting
 * Level 6.9 Ranged Weapons
 + Level 3.6 Dodging
 - Level 1.2 Stealth


You had 3 spell levels left.
You didn't know any spells.
Your spell library contained the following spells:

 Spells                   Type           Power      Damage    Failure   Level
 Sandblast                Erth           0%         2d4       38%         1
 Passwall                 Tmut/Erth      0%         N/A       54%         2
 Portal Projectile        Hex/Tloc       0%         N/A       77%         3
 Stone Arrow              Conj/Erth      0%         3d7       77%         3
 Tukima's Dance           Hex            0%         N/A       77%         3
 Animate Dead             Necr           0%         N/A       99%         4
 Blade Hands              Tmut           0%         N/A       100%        5
 Borgnjor's Vile Clutch   Necr/Erth      0%         N/A       100%        5
 Death Channel            Necr           0%         N/A       100%        6


Dungeon Overview and Level Annotations

Branches:
Dungeon (3/15)

Altars:

Annotations:
D:3 Ijyb


Message History

You shoot an arrow. The arrow hits the jackal.
You shoot an arrow. The arrow hits the jackal!
You kill the jackal!
You start resting.
You open the gate.
There is an open gate here.
A jackal comes into view. 2 goblins come into view.
The jackal barks!
The goblin shouts!
The goblin unwields a +0 club.
The goblin wields a +0 sling.
The goblin shoots a sling bullet.
The sling bullet hits you.
You shoot an arrow. The arrow hits the jackal.
You shoot an arrow. The arrow hits the jackal.
You shoot an arrow. The arrow hits the jackal.
You kill the jackal!
The goblin shoots a sling bullet.
The sling bullet hits you but does no damage.
You shoot an arrow. The arrow hits the goblin!
You kill the goblin!
The goblin shoots a sling bullet.
The sling bullet closely misses you.
You shoot an arrow. The arrow closely misses the goblin.
The goblin shoots a sling bullet.
The sling bullet closely misses you.
The goblin shoots a sling bullet.
The sling bullet hits you but does no damage.
You shoot an arrow. The arrow hits the goblin!
You kill the goblin!
No target in view!
No target in view!
No target in view!
No target in view!
You start waiting.
Done waiting.
Things that are here:
a +0 dagger; a goblin corpse
Things that are here:
a +0 sling; a +0 club; a goblin corpse As you open the door, it creaks loudly!
There is an open door here.
There is an open door here.
Things that are here:
a +0 sling; a goblin skeleton You see here a jackal skeleton.
Things that are here:
a +0 sling; a goblin skeleton
Things that are here:
a +0 sling; a goblin skeleton You see here a jackal skeleton.
There is an open door here.
There is an open door here.
As you open the door, it creaks loudly!
No target in view!
No target in view!
No target in view!
You open the large door. 2 goblins and an adder come into view.
The goblin shouts!
Ijyb the Twisted Goblin comes into view.
She is wielding a +0 dagger and carrying a wand of mindburst (16).
You shoot an arrow. The arrow closely misses the adder.
Ijyb shouts!
The goblin shouts!
The adder misses you.
Fire: a) +0 shortbow
Press: ? - help, Q - select action Shift-Dir - straight line, f/p - adder
Aim: an adder (51% to hit)
You shoot an arrow. The arrow misses the adder.
The adder bites you but does no damage. The adder bites you.
The adder attacks as you move away! The adder misses you.
You shoot an arrow. The arrow misses the adder.
The adder misses you.
You shoot an arrow. The arrow hits the adder!
You kill the adder!
The goblin attacks as you move away! The goblin barely misses you.
You shoot an arrow. The arrow hits the goblin.
The goblin hits you with a +0 dagger.
You shoot an arrow. The arrow hits the goblin.
The goblin hits you with a +0 dagger.
You shoot an arrow. The arrow hits the goblin!
You kill the goblin!
You shoot an arrow. The arrow hits Ijyb!
Ijyb zaps a wand.
Your mind is blasted!
You shoot an arrow. The arrow hits Ijyb.
Ijyb hits you with a +0 dagger. The goblin hits you with a +0 dagger.
You shoot an arrow. The arrow hits Ijyb.
Ijyb hits you with a +0 dagger. The goblin closely misses you.
Fire: a) +0 shortbow
Press: ? - help, Q - select action Shift-Dir - straight line, f/p - Ijyb
Aim: Ijyb, wielding a +0 dagger, wearing a +0 ring mail and carrying a wand of mindburst (15) (severely wounded, 63% to hit)
You shoot an arrow. The arrow hits Ijyb.
Ijyb hits you with a +0 dagger. The goblin misses you.
Fire: a) +0 shortbow
Press: ? - help, Q - select action Shift-Dir - straight line, f/p - Ijyb
Aim: Ijyb, wielding a +0 dagger, wearing a +0 ring mail and carrying a wand of mindburst (15) (severely wounded, 63% to hit)
You shoot an arrow. The arrow hits Ijyb.
Ijyb zaps a wand.
Your mind is blasted!
* * * LOW HITPOINT WARNING * * *
The goblin hits you with a +0 dagger.
* * * LOW HITPOINT WARNING * * *
It was a potion of haste.
You feel yourself speed up. Ijyb hits you with a +0 dagger.
You die...

#.##≈≈..#...#####
###.#≈≈≈.)'...'..#
....#≈≈≈..#...#..#
##.#≈≈#########..#...#
#..≈≈#..........#...#
##...'..........#.gg#
#...'....).....#...#
#...'......)...#...#
##≈≈#.........@#..g#
#≈≈#########gg##''#
##≈≈ #...#...†..# #≈≈≈
+...'......# ##≈≈
#...#......# ##
############


You could see Ijyb and a goblin.

Vanquished Creatures
  4 adders
  A worm (D:3)
  3 dart slugs
  6 ball pythons
  7 endoplasms
  2 giant cockroaches (D:2)
  13 goblins
  7 hobgoblins
  2 jackals (D:3)
  2 kobolds
  4 quokkas
  5 bats
  3 frilled lizards
  4 rats
63 creatures vanquished.

Notes
Turn   | Place    | Note
-------+----------+-------------------------------------------
     0 | D:1      | RKaid the Deep Elf Hunter began the quest for the Orb.
     0 | D:1      | Reached XP level 1. HP: 12/12 MP: 3/3
   342 | D:1      | Reached XP level 2. HP: 15/17 MP: 4/4
   748 | D:2      | Found a faded altar of an unknown god.
   814 | D:2      | Reached skill level 2 in Fighting
   814 | D:2      | Reached skill level 6 in Ranged Weapons
   847 | D:2      | Reached skill level 3 in Dodging
   850 | D:2      | Reached XP level 3. HP: 21/21 MP: 5/5
  1585 | D:3      | Reached XP level 4. HP: 26/26 MP: 6/6
  2248 | D:3      | Noticed Ijyb
  2264 | D:3      | HP: 3/27 [disintegration (6)]
  2264 | D:3      | HP: 1/27 [goblin/+0 dagger (2)]
  2265 | D:3      | Slain by Ijyb

Illustrated notes

Levels and vault maps discovered:
D:1:      amcnicky_arrival_feature_with_door, layout_loops_ring,
          minmay_misc_feat_plants, minivault_4
D:2:      layout_rooms, basic_ecumenical_altar, minmay_pentomino_s2
D:3:      kennysheep_goblin_castle, layout_loops_ring, kennysheep_generic_room_7

Skill      XL: |  1  2 |
---------------+-------+-----
Fighting       | 2 |  2.4
Ranged Weapons | 6 |  6.9
Dodging        | 3 |  3.6
Stealth        | |  1.2

Action                   |  1- 3 |  4- 6 || total
-------------------------+-------+-------++-------
 Fire: Shortbow          |   116 |    53 ||   169
  Use: Potion            |       |     1 ||     1
Armor: Leather armour    |     7 |     3 ||    10
Dodge: Dodged            |    35 |    21 ||    56

Table legend: (Time is in decaauts)
 A = Elapsed time spent in this place.
 B = Non-inter-level travel time spent in this place.
 C = Inter-level travel time spent in this place.
 D = Time resting spent in this place.
 E = Time spent auto-exploring this place.
 F = Levels seen in this place.
 G = Mean time per level.
                   A        B        C        D        E       F      G
               +--------+--------+--------+--------+--------+-----+--------+
         Total |   2305 |   2253 |     52 |    363 |   1533 |   3 |  768.3 |
       Dungeon |   2305 |   2253 |     52 |    363 |   1533 |   3 |  768.3 |
               +--------+--------+--------+--------+--------+-----+--------+

Top non-repeatable levels by time:
     D:3: 945 daAuts
     D:1: 728 daAuts
     D:2: 632 daAuts

Table legend:
 A = Kills in this place as a percentage of kills in entire the game.
 B = Kills by you in this place as a percentage of kills by you in the entire game.
 C = Kills by friends in this place as a percentage of kills by friends in the entire game.
 D = Other kills in this place as a percentage of other kills in the entire game.
 E = Experience gained in this place as a percentage of experience gained in the entire game.
 F = Experience gained in this place divided by the number of levels of this place that you have seen.
                   A       B       C       D       E      F
               +-------+-------+-------+-------+-------+----------------------
         Total | 100.0 | 100.0 |   N/A |   N/A | 100.0 |  56.7
       Dungeon | 100.0 | 100.0 |   N/A |   N/A | 100.0 |  56.7
               +-------+-------+-------+-------+-------+----------------------
